 Dungeon Crawl Stone Soup version 0.24-a0-520-g8fd06ad0bc (webtiles) character file.

Game seed: 6736712557095012110

17 Gargoyl the Skirmisher (level 2, -1/26 HPs)
             Began as a Centaur Abyssal Knight on July 26, 2019.
             Was a Follower of Lugonu.
             Slain by a worm (5 damage)
             ... on level 1 of the Dungeon.
             The game lasted 00:01:27 (726 turns).

Gargoyl the Skirmisher (Centaur Abyssal Knight)      Turns: 726, Time: 00:01:30

Health: -1/26      AC:  7    Str: 14    XL:     2   Next: 44%
Magic:  3/3        EV:  4    Int: 11    God:    Lugonu [*.....]
Gold:   85         SH:  0    Dex:  8    Spells: 1/1 levels left

rFire    . . .     SeeInvis .   a - +2 hand axe
rCold    . . .     Gourm    .   (no shield)
rNeg     . . .     Faith    .   f - +0 chain mail
rPois    .         Spirit   .   (no helmet)
rElec    .         Reflect  .   (no cloak)
rCorr    .         Harm     .   (no gloves)
MR       .....                  (no barding)
Stlth    ..........             (no amulet)
HPRegen  0.08/turn              (no ring)
MPRegen  0.08/turn              (no ring)

@: lethally poisoned (-1 -> -14), very quick
A: large, hooves 3, deformed body, speed 2, tough skin 3
a: Depart the Abyss, Renounce Religion


You were on level 1 of the Dungeon.
You worshipped Lugonu.
Lugonu was aware of your devotion.
You were not hungry.

You visited 1 branch of the dungeon, and saw 2 of its levels.
You visited the Abyss 1 time.

You collected 85 gold pieces.

Inventory:

Hand Weapons
 a - a +2 hand axe (weapon)
Armour
 b - a +0 leather armour
 f - a +0 chain mail (worn)
Scrolls
 d - a scroll of blinking {unknown}
 g - a scroll of teleportation {unknown}
 h - 2 scrolls of remove curse {unknown}
 k - 3 scrolls of identify {unknown}
 m - a scroll of immolation {unknown}
Potions
 e - a potion of heal wounds
 i - a potion of degeneration {unknown}
 j - a potion of agility {unknown}
 l - a potion of curing {unknown}
 n - a potion of haste {unknown}
Comestibles
 c - a ration


   Skills:
 + Level 3.4 Fighting
 + Level 1.9 Axes
 * Level 1.6 Armour
 * Level 0.8 Dodging
 * Level 2.1 Invocations


You had one spell level left.
You didn't know any spells.
Your spell library was empty.

Dungeon Overview and Level Annotations

Branches:
Dungeon (2/15)

Altars:


Innate Abilities, Weirdness & Mutations

You have hooves in place of feet.
Armour fits poorly on your strangely shaped body.
You cover ground very quickly.
You have extremely tough skin. (AC +3)


Message History

The worm is moderately wounded.
You hit the adder but do no damage. The adder bites you.
You are more poisoned.
The adder poisons you! The worm bites you. The adder bites you.
You are lethally poisoned!
The adder poisons you!
You hit the adder. Your kick misses the adder.
The adder is moderately wounded.
You hit the worm.
You feel sick. The adder barely misses you. The worm bites you.
* * * LOW HITPOINT WARNING * * *
Unknown command.
You closely miss the adder. Your kick misses the adder.
The adder is moderately wounded.
You hit the worm.
* * * LOW HITPOINT WARNING * * *
You feel sick. The adder bites you but does no damage. The adder bites you.
* * * LOW HITPOINT WARNING * * *
The worm bites you.
You die...

############# #...........#
#.#########.#### ######### #.#
#..... #.......#######.# #####.
#.#####.##...>..# #)
####.#####.##.###### #.
...............S@# ######.
...#####.#.##.##w##########......
...# #.#.##.#..#..........#####
...# ###(#....#.##..........#
'### #...#.......#..........#
.#####.###................#.###
.......# #.....)..........#...#
.####### #................###.#
†# #..................#.#


You could see a worm and an adder.

Vanquished Creatures
  A dart slug (D:1)
  A leopard gecko (D:1)
  2 jackals (D:1)
  2 kobolds (D:1)
  A ball python (D:1)
  2 bats (D:1)
  2 frilled lizards (D:1)
  3 goblins (D:1)
14 creatures vanquished.

Notes
Turn   | Place    | Note
-------+----------+-------------------------------------------
     0 | Abyss:1  | Gargoyl the Centaur Abyssal Knight began the quest for the
                  | Orb.
     0 | Abyss:1  | Reached XP level 1. HP: 19/19 MP: 2/2
   155 | Abyss:1  | Noticed a quasit
   185 | Abyss:1  | Noticed a ynoxinul
   189 | Abyss:1  | Noticed a blink frog
   220 | Abyss:1  | Noticed a lich
   220 | Abyss:1  | Paralysed by a lich for 7 turns
   228 | D:1      | Escaped the Abyss
   364 | D:1      | Reached XP level 2. HP: 23/26 MP: 3/3
   563 | D:1      | Reached * piety under Lugonu
   726 | D:1      | Slain by a worm

Levels and vault maps discovered:
D:1:      dpeg_arrival_arbitrary_c, layout_basic
D:2:      layout_rooms, first_ration, minmay_vboxes, uniq_jessica, uniq_terence

Action                   || total
-------------------------++-------
Melee: Hand axe          ||    33
       Kick              ||     2
Invok: Depart the Abyss  ||     1
  Use: Scroll            ||     1
       Potion            ||     1
Armor: Chain mail        ||    27
Dodge: Dodged            ||     8

Table legend:
 A = Non-vault XP
 B = Vault XP
 C = Vault XP percentage of total XP
 D = Non-vault monster count
 E = Vault monster count
 F = Vault count percentage of total count
                 A         B        C        D         E       F
            +---------+---------+-------+---------+---------+-------
      Total |      25 |       0 |   0.0 |      14 |       0 |   0.0
            +---------+---------+-------+---------+---------+-------
        D:1 |      25 |       0 |   0.0 |      14 |       0 |   0.0
            +---------+---------+-------+---------+---------+-------
